 Dungeon Crawl Stone Soup version 0.17-a0-2220-g6fea741 (webtiles) character file.

1712 xeno23 the Slasher (level 8, 17/62 HPs)
             Began as a Demonspawn Abyssal Knight on Oct 29, 2015.
             Was a Priest of Lugonu.
             Starved to death
             ... while paralysed
             ... on level 7 of the Dungeon.
             The game lasted 00:35:33 (5358 turns).

xeno23 the Slasher (Demonspawn Abyssal Knight)      Turns: 5358, Time: 00:35:34

Health: 17/62      AC: 23    Str: 14    XL:     8   Next: 74%
Magic:  12/12      EV:  2    Int: 15    God:    Lugonu [***...]
Gold:   265        SH:  0    Dex:  9    Spells: 0 memorised, 7 levels left

rFire  + . .     SeeInvis .     a - +2 falchion
rCold  . . .     Clarity  .     j - +0 plate armour (curse)
rNeg   . . .     SustAt   .     s - +0 buckler
rPois  .         Gourm    .     B - +0 helmet
rElec  .         Spirit   .     (no cloak)
rCorr  .         Warding  .     (no gloves)
rMut   .         Stasis   .     (no boots)
MR     .....                    (no amulet)
Stlth  ..........               (no ring)
                                (no ring)

@: paralysed, fainting, not resistant to hostile enchantments, extremely
unstealthy
A: claws 1, rough black scales 3, demonic guardian 1, fire resistance 1
a: Depart the Abyss, Bend Space, Banish, Renounce Religion


You were on level 7 of the Dungeon.
You worshipped Lugonu.
Lugonu was most pleased with you.
You were fainting.

You visited 2 branches of the dungeon, and saw 8 of its levels.
You visited the Abyss 1 time.
You also visited: Sewer.

You collected 265 gold pieces.

Inventory:

Hand Weapons
 a - a +2 falchion (weapon)
 d - a +0 hunting sling
 g - a +2 mace of venom
 v - a +0 blowgun
Missiles
 h - 138 stones (quivered)
 i - 4 sling bullets of frost
 o - 40 poisoned needles
 I - 23 sling bullets
Armour
 b - a +0 leather armour
 e - a +0 scale mail
 j - a cursed +0 plate armour (worn)
 s - a +0 buckler (worn)
 w - a +0 ring mail
 B - a +0 helmet (worn)
 C - a +0 robe of magic resistance
 K - a +0 chain mail
Jewellery
 G - an uncursed ring of wizardry {unknown}
Wands
 t - a wand of draining (9)
Scrolls
 p - 3 scrolls of teleportation
 x - 2 scrolls of magic mapping
 y - 3 scrolls of fear
 D - a scroll of amnesia {unknown}
 F - a scroll of enchant weapon
 H - a scroll of fog {unknown}
 J - a scroll of identify
Potions
 f - 3 potions of curing
 l - 2 potions of haste {unknown}
 n - a potion of poison {unknown}
 r - 3 potions of degeneration {unknown}
 u - a potion of cancellation {unknown}
 z - a potion of lignification {unknown}
 A - 2 potions of flight
Comestibles
 c - 5 bread rations
 k - 3 meat rations
 m - 3 beef jerkies
 q - a slice of pizza


   Skills:
 + Level 5.3 Fighting
 * Level 6.1 Long Blades
 + Level 4.0 Armour
 + Level 4.1 Dodging
 + Level 2.6 Shields
 + Level 5.7 Invocations


You had 7 spell levels left.
You didn't know any spells.

Dungeon Overview and Level Annotations

Branches:
Dungeon (7/15)             Temple (1/1) D:4

Altars:
Ashenzari
Dithmenos
Elyvilon
Fedhas
Gozag
Makhleb
Nemelex Xobeh
Okawaru
Ru
Sif Muna
Trog
Vehumet
Xom
Yredelemnul
Zin
The Shining One


Innate Abilities, Weirdness & Mutations

You have sharp fingernails.
You are completely covered in rough black scales (AC +10, Dex -3).
A weak demonic guardian rushes to your aid.
Your flesh is heat resistant.


Message History

The hungry ghost is almost destroyed.
Your iron imp barely misses the orc.
The orc hits your iron imp with a flail.
The hungry ghost hits you.
You feel slightly more hungry.
You closely miss the hungry ghost.
The hungry ghost is almost destroyed.
Your iron imp hits the orc!
The orc dies!
Lugonu accepts your kill. The hungry ghost hits you.
You feel slightly more hungry.
Your plate armour prevents you from hitting the hungry ghost.
The hungry ghost is almost destroyed.
You lose consciousness!
The hungry ghost hits you.
You feel slightly more hungry.
Your iron imp misses the hungry ghost.
Your iron imp disappears in a puff of smoke!
The hungry ghost hits you. The hungry ghost hits you.
You have starved to death.
You die...

....... .#
.......#####.# #
....?..5)....#..#
......§.#.b.5...#
.......5[#.###..#
..%.....o#.###
####
#####.#.##...#
.....
#.#....)W##......
# ###..)§@.......
+.!.....#####
#.....5.#
#....(..#
#.......#
.......#>#
..........#
.##......##


You could see a hungry ghost and a friendly white imp.

Vanquished Creatures
  Grinder (D:6)
  Prince Ribbit (D:5)
  The ghost of bohran the Digger, an amateur FoEE (Sewer)
  Purgy (Sewer)
  2 ogres (D:4)
  A phantom (D:4)
  2 scorpions (D:5)
  A centaur zombie (D:6)
  3 orc wizards
  An orc priest (D:4)
  A jelly (D:5)
  2 worker ants
  A centaur skeleton (D:4)
  A river rat (D:3)
  12 adders
  4 gnolls (D:4)
  An adder skeleton (D:5)
  A worm (D:2)
  4 giant geckos
  17 orcs
  5 bats
  6 giant cockroaches
  5 goblins
  6 hobgoblins
  4 jackals (D:1)
  3 quokkas
  3 ball pythons
  A giant gecko skeleton (D:5)
  4 giant newts
  8 kobolds
  A quokka skeleton (D:4)
  13 rats
117 creatures vanquished.

Vanquished Creatures (collateral kills)
  Eustachio (D:7)
  An ice beast (D:5)
  An ogre (D:5)
  An orc (D:7)
4 creatures vanquished.

Vanquished Creatures (others)
  2 starspawn tentacles (Abyss:1)
2 creatures vanquished.

Grand Total: 123 creatures vanquished

Notes
Turn   | Place    | Note
--------------------------------------------------------------
     0 | Abyss:1  | xeno23 the Demonspawn Abyssal Knight began the quest for the Orb.
     0 | Abyss:1  | Reached XP level 1. HP: 18/18 MP: 2/2
    91 | Abyss:1  | Noticed a profane servitor
    97 | Abyss:1  | Noticed a tentacled starspawn
   101 | D:1      | Escaped the Abyss
   201 | D:1      | Reached skill level 1 in Dodging
   216 | D:1      | Reached * piety under Lugonu
   264 | D:1      | Gained mutation: Your flesh is heat resistant. [demonic ancestry]
   264 | D:1      | Reached XP level 2. HP: 20/24 MP: 3/3
  1067 | D:2      | Reached XP level 3. HP: 29/29 MP: 4/4
  1494 | D:2      | Gained mutation: You have sharp fingernails. [demonic ancestry]
  1494 | D:2      | Reached XP level 4. HP: 35/35 MP: 6/6
  1730 | D:3      | Reached ** piety under Lugonu
  1783 | D:3      | Found a glowing silver altar of Zin.
  1783 | D:3      | Found a glowing golden altar of the Shining One.
  1784 | D:3      | Found a white marble altar of Elyvilon.
  2097 | D:3      | Found a blossoming altar of Fedhas.
  2225 | D:3      | Found a glowing drain.
  2263 | Sewer    | Entered a sewer
  2294 | Sewer    | Noticed bohran's ghost (amateur FoEE)
  2590 | Sewer    | Killed bohran's ghost
  2590 | Sewer    | Reached skill level 4 in Long Blades
  2590 | Sewer    | Gained mutation: You are partially covered in rough black scales (AC +4, Dex -1). [demonic ancestry]
  2590 | Sewer    | Reached XP level 5. HP: 20/42 MP: 7/7
  2590 | Sewer    | Gained mutation: A weak demonic guardian rushes to your aid. [demonic ancestry]
  2590 | Sewer    | Reached XP level 6. HP: 22/48 MP: 8/8
  2768 | Sewer    | Noticed Purgy
  2787 | Sewer    | Killed Purgy
  3009 | D:3      | Found a sacrificial altar of Ru.
  3272 | D:4      | Gained mutation: You are mostly covered in rough black scales (AC +7, Dex -2). [demonic ancestry]
  3272 | D:4      | Reached XP level 7. HP: 46/54 MP: 10/10
  3307 | D:4      | Found a staircase to the Ecumenical Temple.
  3316 | Temple   | Entered the Ecumenical Temple
  3443 | D:4      | Reached *** piety under Lugonu
  4055 | D:4      | Reached skill level 1 in Shields
  4261 | D:5      | Entered Level 5 of the Dungeon
  4271 | D:5      | Reached skill level 5 in Long Blades
  4610 | D:5      | Gained mutation: You are completely covered in rough black scales (AC +10, Dex -3). [demonic ancestry]
  4610 | D:5      | Reached XP level 8. HP: 58/61 MP: 11/11
  4660 | D:5      | Reached skill level 5 in Invocations
  4834 | D:5      | Noticed Prince Ribbit
  4860 | D:5      | Killed Prince Ribbit
  4860 | D:5      | Reached skill level 5 in Fighting
  5097 | D:6      | Noticed Grinder
  5109 | D:6      | Paralysed by Grinder for 2 turns
  5120 | D:6      | Killed Grinder
  5265 | D:6      | Reached skill level 6 in Long Blades
  5271 | D:6      | Noticed Eustachio
  5343 | D:7      | Killed Eustachio
  5358 | D:7      | Starved to death

Vault maps used:
D:1:      saegor_arrival_miasma, st_stairs_6, minmay_misc_feat_x
D:3:      good_gods_temple_1, nicolae_ru_path_of_blood, portal_sewer_entry_a,
          fedhas_altar_4
D:4:      minmay_temple_entry_purple_smoke, first_bread
D:5:      uniq_prince_ribbit1
D:6:      lemuel_round_altar, serial_shops, shop_statue, uniq_pikel,
          uniq_grinder, uniq_eustachio, uniq_blork_the_orc
D:7:      kennysheep_little_box, serial_shops, shop, shop, shop, shop,
          kennysheep_mini, eino_jars
Temple:   circular_temple_pool_12
Sewer:    sewer_co_purgy_island

Action                   |  1- 3 |  4- 6 |  7- 9 || total
-------------------------+-------+-------+-------++-------
Melee: Mace              |    89 |    26 |    38 ||   153
       Falchion          |       |   151 |   229 ||   380
 Fire: Hunting sling     |       |     9 |       ||     9
       Blowgun           |       |     5 |    18 ||    23
Throw: Stone             |       |     2 |       ||     2
Invok: Depart the Abyss  |     1 |       |       ||     1
       Banish            |       |       |     1 ||     1
  Use: Scroll            |     5 |     5 |       ||    10
       Potion            |       |     2 |       ||     2
 Stab: Distracted        |       |     2 |     2 ||     4
  Eat: Chunk             |     2 |     6 |     9 ||    17
